 Dungeon Crawl Stone Soup version 0.28-a0-991-g956f0ee3d5 (webtiles) character file.

Game seed: 6006353902649473712

1092 snarfax the Covert (level 8, -1/55 HPs)
             Began as a Vampire Brigand on Dec 4, 2021.
             Was an Initiate of Dithmenos.
             Slain by a shadow (11 damage)
             ... on level 6 of the Dungeon.
             The game lasted 00:27:55 (4686 turns).

snarfax the Covert (Vampire Brigand)                Turns: 4686, Time: 00:27:55

Health: -1/55      AC:  5    Str: 12    XL:     8   Next: 9%
Magic:  8/8        EV: 11    Int: 20    God:    Dithmenos [......]
Gold:   233        SH:  0    Dex: 15    Spells: 7/7 levels left

rFire   . . .      SeeInvis +   j - +1 dagger (venom)
rCold   . . .      Faith    .   (no shield)
rNeg    . . .      Spirit   .   k - +0 leather armour
rPois   .          Reflect  .   (no helmet)
rElec   .          Harm     .   c - +0 cloak
rCorr   .          Rampage  .   (no gloves)
Will    .....                   v - +0 pair of boots
Stlth   ++++......              (no amulet)
HPRegen 0.38/turn               g - +6 ring of intelligence
MPRegen 0.11/turn               (no ring)

@: healing quickly
A: alive, fangs 3, see invisible, vampiric 2
a: Exsanguinate, Renounce Religion


You were on level 6 of the Dungeon.
You worshipped Dithmenos.
Dithmenos was noncommittal.
You visited 1 branch of the dungeon, and saw 6 of its levels.

You collected 233 gold pieces.

Inventory:

Hand Weapons
 a - a +2 dagger
 j - a +1 dagger of venom (weapon)
 l - a +0 longbow
Missiles
 d - 5 javelins
 f - 92 stones
 i - 5 boomerangs
 m - 58 arrows
 o - 3 poisoned darts (quivered)
 t - a curare-tipped dart
Armour
 b - a +0 robe
 c - a +0 cloak (worn)
 k - a +0 leather armour (worn)
 q - a +0 tower shield
 v - a +0 pair of boots (worn)
 w - the +9 scales of the Dragon King {rPois rF+ rC+ Will+}
   (You found it on level 4 of the Dungeon)

   rF:        It protects you from fire.
   rC:        It protects you from cold.
   rPois:     It protects you from poison.
   Will:      It increases your willpower.
Jewellery
 g - a +6 ring of intelligence (left hand)
 s - a ring of fire
Scrolls
 e - a scroll of magic mapping
 y - a scroll of amnesia {unknown}
 C - a scroll of brand weapon {unknown}
Potions
 h - 2 potions of brilliance
 n - a potion of haste {unknown}
 p - 2 potions of curing {unknown}
 r - a potion of might {unknown}
 u - a potion of flight {unknown}
 x - a potion of mutation {unknown}
 z - 2 potions of ambrosia {unknown}
 A - a potion of resistance {unknown}


   Skills:
 - Level 1.7 Fighting
 + Level 8.2 Short Blades
 - Level 3.0 Throwing
 - Level 1.1 Dodging
 * Level 10.2 Stealth


You had 7 spell levels left.
You didn't know any spells.
Your spell library contained the following spells:

 Spells                   Type           Power      Damage    Failure   Level
 Summon Small Mammal      Summ           0%         N/A       24%         1
 Call Canine Familiar     Summ           0%         N/A       58%         3
 Summon Guardian Golem    Hex/Summ       0%         N/A       58%         3
 Tukima's Dance           Hex            0%         N/A       58%         3
 Passage of Golubria      Tloc           0%         N/A       94%         4
 Summon Ice Beast         Ice/Summ       0%         N/A       94%         4
 Summon Mana Viper        Hex/Summ       0%         N/A       100%        5
 Yara's Violent Unravell  Hex/Tmut       0%         3d3       100%        5
 Monstrous Menagerie      Summ           0%         N/A       100%        7


Dungeon Overview and Level Annotations

Branches:
Dungeon (6/15)
 Temple: D:4-7

Altars:
Dithmenos
Okawaru

Annotations:
D:3 1 runed translucent door, Crazy Yiuf
D:5 3 runed translucent doors, McGhostyFace's ghost, weakling GnDe; croobank's ghost, amateur OpTm


Innate Abilities, Weirdness & Mutations

Your natural rate of healing is accelerated.
You have razor-sharp teeth.
You have supernaturally acute eyesight. (SInv)
You are afflicted with vampirism and can become a bat while bloodless.


Message History

The centaur zombie closely misses you. The centaur zombie barely misses you.
You hit the centaur zombie.
The centaur zombie is severely damaged.
A centaur comes into view.
The centaur zombie misses you. The centaur zombie kicks you.
You barely miss the centaur zombie.
The centaur zombie is severely damaged.
The centaur zombie closely misses you. x2
You hit the centaur zombie. You bite the centaur zombie.
The centaur zombie is almost destroyed.
You hit the centaur zombie.
You destroy the centaur zombie!
Dithmenos accepts your kill.
A jelly comes into view.
Found 8 gold pieces and a scroll of teleportation.
Found a stone staircase leading up.
There is an open door here.
You close the door.
A shadow comes into view.
The centaur shouts!
The centaur wields a +0 shortbow.
The centaur shoots an arrow.
The arrow hits you!
A howler monkey skeleton comes into view.
The centaur shoots an arrow.
The arrow hits you.
The centaur shoots an arrow.
The arrow hits you!
The centaur shoots an arrow.
The arrow barely misses you.
The centaur shoots an arrow.
The arrow completely misses you.
The centaur shoots an arrow.
The arrow barely misses you.
The centaur shoots an arrow.
The arrow hits you!
The centaur shoots an arrow.
The arrow hits you!
* * * LOW HITPOINT WARNING * * *
You hit the shadow but do no damage.
As you read the scroll of fear, it crumbles to dust.
You assume a fearsome visage.
The shadow is unaffected.
The centaur looks frightened!
The shadow barely misses you.
You barely miss the shadow. The shadow closely misses you.
You hit the shadow. You bite the shadow.
The shadow is moderately damaged.
The shadow hits you!
You die...

#[# ....?.. #.# ....... #.#
....... #.# ....$..
####+##.# ....... #....!#.#
....... #.....#.#
.......#######.......#######
J......+....@WZ.............
.......#######.......#######
#...... .......c...########
#.#.... ...c######.>........
# #.... ....Z #).........##
#.... .... #..........##
#...< .... #..........##
#.... ... #..........##
#............


You could see a shadow, a centaur (fleeing) and a howler monkey skeleton.

Vanquished Creatures
  A sky beast (D:3)
  2 ogres (D:5)
  A centaur (D:5)
  3 scorpions (D:5)
  A water moccasin zombie (D:5)
  3 water moccasin skeletons
  A bullfrog zombie (D:4)
  A centaur zombie (D:6)
  2 hounds (D:5)
  2 iguanas (D:5)
  A killer bee zombie (D:4)
  5 adders
  3 gnolls (D:3)
  An adder skeleton (D:4)
  3 worms (D:2)
  4 dart slugs
  7 orcs
  3 bats
  8 endoplasms
  5 giant cockroaches
  9 hobgoblins
  3 jackals (D:1)
  10 ball pythons
  5 frilled lizards
  9 goblins
  4 kobolds (D:1)
  6 rats
103 creatures vanquished.

Vanquished Creatures (others)
  2 withered plants (D:5)
2 creatures vanquished.

Grand Total: 105 creatures vanquished

Notes
Turn   | Place    | Note
-------+----------+-------------------------------------------
     0 | D:1      | snarfax the Vampire Brigand began the quest for the Orb.
     0 | D:1      | Reached XP level 1. HP: 16/16 MP: 1/1
   125 | D:1      | Reached skill level 6 in Stealth
   137 | D:1      | Reached XP level 2. HP: 22/22 MP: 2/2
   705 | D:1      | Gained mutation: You are afflicted with vampirism and can
                  | become a bat while bloodless. [Vampire growth]
   705 | D:1      | Reached XP level 3. HP: 26/27 MP: 3/3
   961 | D:2      | Reached XP level 4. HP: 27/33 MP: 4/4
  1931 | D:3      | Reached skill level 7 in Stealth
  1937 | D:3      | Reached XP level 5. HP: 31/38 MP: 5/5
  2138 | D:3      | Noticed a sky beast
  2157 | D:3      | Killed a sky beast
  2158 | D:3      | Reached skill level 5 in Short Blades
  2420 | D:3      | Found an iron altar of Okawaru.
  2508 | D:3      | Found a runed translucent door.
  2509 | D:3      | Noticed Crazy Yiuf
  2911 | D:4      | Reached XP level 6. HP: 28/44 MP: 6/6
  2950 | D:4      | Found a shadowy altar of Dithmenos.
  2976 | D:4      | Became a worshipper of Dithmenos the Shadowed
  3060 | D:4      | Found the +9 scales of the Dragon King {rPois rF+ rC+
                  | Will+}
  3239 | D:5      | Entered Level 5 of the Dungeon
  3242 | D:5      | Reached skill level 8 in Stealth
  3519 | D:5      | Reached XP level 7. HP: 31/49 MP: 7/7
  3558 | D:5      | HP: 2/49 [ogre (16)]
  3705 | D:5      | Reached skill level 9 in Stealth
  4253 | D:5      | Found a runed translucent gate.
  4253 | D:5      | Found a runed translucent gate.
  4253 | D:5      | Found a runed translucent gate.
  4255 | D:5      | Reached XP level 8. HP: 55/55 MP: 8/8
  4256 | D:5      | Noticed croobank's ghost (amateur OpTm)
  4256 | D:5      | Noticed McGhostyFace's ghost (weakling GnDe)
  4553 | D:6      | Reached skill level 10 in Stealth
  4686 | D:6      | Slain by a shadow

Illustrated notes

Levels and vault maps discovered:
D:1:      dpeg_arrival_concentric_ovals, layout_basic
D:2:      layout_basic
D:3:      layout_basic, mainiacjoe_overflow_24_doors, corexii_corridor_pit,
          uniq_crazy_yiuf_cottage
D:4:      layout_basic, mainiacjoe_overflow_brackets
D:5:      layout_loops_cross, serial_rivers, chequers_serial_rivers_small_b,
          chequers_serial_rivers_micro_b, chequers_serial_rivers_small_3,
          chequers_serial_rivers_large_a, chequers_serial_rivers_micro_c,
          chequers_serial_rivers_micro_b, gammafunk_ghost_cemetery
D:6:      layout_basic, chequers_temple_overflow_statue_of_worship

Skill      XL: |  1  2  3  4  5  6  7  8 |
---------------+-------------------------+-----
Stealth        | 6 7 8 9 10 | 10.2
Short Blades   | 3 4 5 6 8 |  8.2
Throwing       | 2 3 |  3.0
Fighting       | |  1.7
Dodging        | |  1.1

Action                   |  1- 3 |  4- 6 |  7- 9 || total
-------------------------+-------+-------+-------++-------
Melee: Dagger            |    81 |   166 |    63 ||   310
       Bite              |     6 |    11 |     6 ||    23
Throw: Dart              |    25 |    16 |    10 ||    51
       Boomerang         |    11 |    14 |     2 ||    27
  Use: Scroll            |     1 |     7 |     1 ||     9
 Stab: Distracted        |     2 |       |       ||     2
       Sleeping          |     2 |    13 |     5 ||    20
Armor: Robe              |    14 |       |       ||    14
       Leather armour    |       |    26 |    10 ||    36
Dodge: Dodged            |    45 |    62 |    34 ||   141

Table legend: (Time is in decaauts)
 A = Elapsed time spent in this place.
 B = Non-inter-level travel time spent in this place.
 C = Inter-level travel time spent in this place.
 D = Time resting spent in this place.
 E = Time spent auto-exploring this place.
 F = Levels seen in this place.
 G = Mean time per level.
                   A        B        C        D        E       F      G
               +--------+--------+--------+--------+--------+-----+--------+
         Total |   4626 |   4593 |     33 |    398 |   1970 |   6 |  771.0 |
       Dungeon |   4626 |   4593 |     33 |    398 |   1970 |   6 |  771.0 |
               +--------+--------+--------+--------+--------+-----+--------+

Top non-repeatable levels by time:
     D:5: 1280 daAuts
     D:3: 1108 daAuts
     D:1: 834 daAuts
     D:2: 784 daAuts
     D:4: 469 daAuts
     D:6: 149 daAuts
